 Dungeon Crawl Stone Soup version 0.20.1-1-g8b1a95d (webtiles) character file.

8638 Glalom the Arsonist (level 11, -1/92 HPs)
             Began as a Green Draconian Fire Elementalist on Oct 31, 2017.
             Was an Elder of Qazlal.
             Slain by an unseen horror (3 damage)
             ... on level 10 of the Dungeon.
             The game lasted 00:43:29 (14140 turns).

Glalom the Arsonist (DrFE)                         Turns: 14140, Time: 00:43:30

Health: -1/92      AC:  9    Str: 15    XL:     11   Next: 12%
Magic:  2/17       EV: 16    Int: 19    God:    Qazlal [****..]
Gold:   583        SH:  5    Dex: 11    Spells: 3/18 levels left

rFire    . . .     SeeInvis .   E - staff of wizardry
rCold    . . .     Gourm    .   (no shield)
rNeg     . . .     Faith    .   (armour unavailable)
rPois    +         Spirit   .   (helmet restricted)
rElec    .         Reflect  .   I - +0 cloak
rCorr    .         Harm     .   (no gloves)
MR       .....                  C - +0 pair of boots
Stlth    +.........             (no amulet)
Regen    0.3/turn               M - +4 ring of strength
MPRegen  0.2/turn               y - +1 ring of evasion

@: drained, repel missiles
A: breathe noxious fumes, unfitting armour, poison resistance, cold-blooded, AC
+7
a: Breathe Noxious Fumes, Upheaval, Elemental Force, Renounce Religion


You were on level 10 of the Dungeon.
You worshipped Qazlal.
Qazlal was greatly pleased with you.
You were not hungry.

You visited 1 branch of the dungeon, and saw 10 of its levels.

You collected 583 gold pieces.

Inventory:

Hand Weapons
 f - a +0 dagger
 l - a +0 short sword
 w - the +4 Vampire's Tooth {vamp}
   (You found it on level 4 of the Dungeon)

   It inflicts no extra harm, but heals its wielder when it wounds a living foe.
 H - a +3 mace
 J - the cursed +1 mace of the Kidney {vamp, MR- Str+8 Dex+3}
   (You found it on level 6 of the Dungeon)

   It inflicts no extra harm, but heals its wielder when it wounds a living foe.
   It affects your strength (+8).
   It affects your dexterity (+3).
   It affects your resistance to hostile enchantments.
   It has a curse placed upon it.
 O - a cursed -3 dagger
 P - a +5 whip
Missiles
 h - 402 stones (quivered)
Armour
 C - a +0 pair of boots (worn)
 I - a +0 cloak (worn)
Magical Staves
 E - an uncursed staff of wizardry (weapon)
Jewellery
 p - an uncursed ring of ice
 s - a -3 ring of dexterity
 y - a +1 ring of evasion (right hand)
 M - a +4 ring of strength (left hand)
Wands
 F - a wand of iceblast (7/15)
 R - a wand of digging (12/24)
 T - a wand of polymorph (12/24)
Scrolls
 c - 4 scrolls of identify
 d - 6 scrolls of remove curse
 g - 2 scrolls of immolation
 j - 2 scrolls of blinking {unknown}
 m - 2 scrolls of enchant armour {unknown}
 n - 4 scrolls of teleportation
 u - 2 scrolls of enchant weapon
 A - 2 scrolls of magic mapping {unknown}
 K - 2 scrolls of amnesia
 N - a scroll of fog {unknown}
 Q - a scroll of fear {unknown}
Potions
 e - 5 potions of flight {unknown}
 i - 4 potions of agility {unknown}
 k - 5 potions of curing
 o - 2 potions of brilliance {unknown}
 q - 2 potions of heal wounds {unknown}
 t - a potion of ambrosia {unknown}
 x - a potion of berserk rage
 z - a potion of magic {unknown}
 D - a potion of lignification {unknown}
 L - a potion of degeneration {unknown}
Books
 a - a book of Flames

   Spells                             Type                      Level
   a - Flame Tongue                   Conjuration/Fire             1
   b - Throw Flame                    Conjuration/Fire             2
   c - Conjure Flame                  Conjuration/Fire             3
   d - Inner Flame                    Hexes/Fire                   3
   e - Sticky Flame                   Conjuration/Fire             4
   f - Fireball                       Conjuration/Fire             5
 B - a book of Minor Magic

   Spells                             Type                      Level
   a - Magic Dart                     Conjuration                  1
   b - Blink                          Translocation                2
   c - Call Imp                       Summoning                    2
   d - Slow                           Hexes                        2
   e - Conjure Flame                  Conjuration/Fire             3
   f - Mephitic Cloud                 Conjuration/Poison/Air       3
Comestibles
 b - 6 bread rations
 r - 4 meat rations
 v - 3 royal jellies
 G - 3 fruits
 S - 6 chunks of flesh


   Skills:
 - Level 7.0(6.5) Fighting
 - Level 7.1(6.6) Dodging
 - Level 2.1(1.6) Stealth
 - Level 4.1(3.6) Spellcasting
 + Level 9.4(8.8) Conjurations
 + Level 10.1(9.5) Fire Magic
 + Level 2.2(1.8) Invocations


You had 3 spell levels left.
You knew the following spells:

 Your Spells              Type           Power        Failure   Level  Hunger
a - Flame Tongue          Conj/Fire      #####        1%          1    None
b - Conjure Flame         Conj/Fire      #####...     1%          3    ###....
c - Sticky Flame          Conj/Fire      #####...     1%          4    ####...
d - Fireball              Conj/Fire      #####.....   3%          5    ######.
e - Blink                 Tloc           N/A          9%          2    ##.....


Dungeon Overview and Level Annotations

Branches:
Dungeon (10/15)            Temple (0/1) D:6            Lair (0/6) D:9
    Orc (0/2) D:9

Altars:
Dithmenos
Elyvilon
Hepliaklqana
Kikubaaqudgha
Qazlal
Ru
Uskayaw
Vehumet
Yredelemnul

Shops:
D:6 *   D:9 ([

Annotations:
D:10 Nergalle


Innate Abilities, Weirdness & Mutations

You can breathe blasts of noxious fumes.
Your lurid green scales are hard. (AC +7)
You cannot fit into any form of body armour.
Your system is resistant to poisons. (rPois)
You are cold-blooded and may be slowed by cold attacks.


Message History

Aiming: Sticky Flame
Press: ? - help, Shift-Dir - straight line, p - hippogriff The sticky flame hits something.
The unseen horror is covered in liquid flames!
An unseen horror comes into view.
The unseen horror burns!
The unseen horror hits you but does no damage.
You block the unseen horror's attack.
The phantom blinks!
The unseen horror hits you.
* * * LOW HITPOINT WARNING * * *
The unseen horror burns!
The unseen horror hits you!
* * * LOW HITPOINT WARNING * * *
The unseen horror burns!
The unseen horror hits you but does no damage.
The hippogriff is engulfed in blazing flames.
The unseen horror burns!
Something hits you.
* * * LOW HITPOINT WARNING * * *
The hippogriff is engulfed in freezing vapours.
Something hits you.
You die...

#.##############
###'#.............# #
...(..............# ..
......#...........# ...
......#...........# ....
......#...........# .....
......'...........######......
#######[............§§........
######..........@§H...........
.()...<#.#########..§..W......
########.# #§...........
.........# #............
.#########################....
.##.............# ....
.............(..# .>.
................#
................#


You could see a hippogriff and a phantom.

Vanquished Creatures
  An ogre mage (D:10)
  2 two-headed ogres
  A cyclops (D:10)
  The ghost of Jazqa the Skirmisher, an amateur MiMo (D:4)
  A hippogriff (D:8)
  Eustachio (D:5)
  4 yaks (D:6)
  Duvessa (D:6)
  A water moccasin (D:9)
  2 ice beasts
  5 orc warriors
  2 sky beasts
  The ghost of Spero the Poker, an amateur DrBe of Trog (D:3)
  A hornet zombie (D:8)
  A black bear (D:7)
  A phantom (D:5)
  5 ogres
  3 centaurs (D:9)
  A big kobold (D:10)
  4 bullfrogs
  2 gnoll sergeants
  3 scorpions
  Dowan (D:6)
  7 killer bees
  2 vampire bats (D:4)
  11 wights (D:8)
  6 howler monkeys
  4 crimson imps
  2 bullfrog zombies
  A quasit (D:6)
  4 orc priests
  2 hounds
  Crazy Yiuf (D:6)
  An iguana (D:5)
  7 orc wizards
  Natasha (D:3)
  4 worker ants
  2 hound zombies
  2 hound skeletons
  A worker ant zombie (D:6)
  16 gnolls
  16 adders
  2 shadow imps (D:6)
  2 oozes
  An adder skeleton (D:4)
  4 adder zombies
  4 worms
  3 dart slugs
  7 leopard geckos
  35 orcs
  14 bats
  8 giant cockroaches
  11 goblins
  10 hobgoblins
  9 jackals
  8 kobolds
  4 quokkas
  2 ball pythons
  A ball python skeleton (D:6)
  5 frilled lizards
  A leopard gecko skeleton (D:4)
  A quokka skeleton (D:7)
  A quokka zombie (D:5)
  8 rats
276 creatures vanquished.

Notes
Turn   | Place    | Note
-------+----------+-------------------------------------------
     0 | D:1      | Glalom the Draconian Fire Elementalist began the quest for the Orb.
     0 | D:1      | Reached XP level 1. HP: 14/14 MP: 3/3
   151 | D:1      | Reached XP level 2. HP: 20/20 MP: 0/5
  1162 | D:1      | Reached XP level 3. HP: 26/26 MP: 3/6
  1413 | D:2      | Learned a level 3 spell: Conjure Flame
  1828 | D:2      | Found a white marble altar of Elyvilon.
  1964 | D:2      | Reached skill level 4 in Fire Magic
  2154 | D:2      | Reached XP level 4. HP: 33/33 MP: 5/7
  2914 | D:3      | Noticed Spero's ghost (amateur DrBe)
  3244 | D:3      | Noticed Natasha
  3248 | D:3      | Killed Natasha
  3501 | D:3      | Reached XP level 5. HP: 38/38 MP: 3/8
  3535 | D:3      | Killed Spero's ghost
  3535 | D:3      | Reached skill level 5 in Fire Magic
  3560 | D:3      | Learned a level 4 spell: Sticky Flame
  3694 | D:3      | Found a faded altar of an unknown god.
  3694 | D:3      | Found a stormy altar of Qazlal.
  3700 | D:3      | Found a faded altar of an unknown god.
  3702 | D:3      | Found an ancient bone altar of Kikubaaqudgha.
  3704 | D:3      | Found a hazy altar of Hepliaklqana.
  3735 | D:3      | Became a worshipper of Qazlal Stormbringer
  4115 | D:3      | Reached XP level 6. HP: 43/45 MP: 6/9
  4685 | D:4      | Reached skill level 6 in Fire Magic
  4897 | D:4      | Noticed Jazqa's ghost (amateur MiMo)
  4909 | D:4      | Killed Jazqa's ghost
  4909 | D:4      | Reached * piety under Qazlal
  4909 | D:4      | Reached skill level 7 in Fire Magic
  4909 | D:4      | Your scales start taking on a lurid green colour.
  4909 | D:4      | Reached XP level 7. HP: 28/50 MP: 6/10
  4909 | D:4      | Gained mutation: Your system is resistant to poisons. (rPois) [Green Draconian growth]
  5460 | D:5      | Entered Level 5 of the Dungeon
  5683 | D:5      | Reached skill level 1 in Fighting
  6044 | D:5      | Noticed Eustachio
  6059 | D:5      | Killed Eustachio
  6089 | D:5      | Reached XP level 8. HP: 63/63 MP: 1/11
  6480 | D:6      | Noticed Dowan
  6491 | D:6      | Noticed Duvessa
  6633 | D:6      | Found Ygretuv's Assorted Antiques.
  6756 | D:6      | Killed Dowan
  6797 | D:6      | Killed Duvessa
  6920 | D:6      | Reached skill level 5 in Conjurations
  6991 | D:6      | Reached ** piety under Qazlal
  7135 | D:6      | Found a basalt altar of Yredelemnul.
  7535 | D:6      | Found a staircase to the Ecumenical Temple.
  7922 | D:6      | Found a runed door.
  7972 | D:6      | Reached skill level 5 in Fighting
  8054 | D:6      | Reached XP level 9. HP: 74/74 MP: 0/12
  8132 | D:5      | Reached skill level 8 in Fire Magic
  8290 | D:5      | Reached skill level 5 in Dodging
  8491 | D:6      | Found a stormy altar of Qazlal.
  9078 | D:6      | Found a sacrificial altar of Ru.
  9081 | D:6      | Found a radiant altar of Vehumet.
  9083 | D:6      | Found a hide-covered altar of Uskayaw.
  9201 | D:6      | Noticed Crazy Yiuf
  9205 | D:6      | Killed Crazy Yiuf
  9219 | D:6      | Got an iridescent mace
  9220 | D:6      | Identified the cursed +1 mace of the Kidney {vamp, MR- Str+8 Dex+3} (You found it on level 6 of the Dungeon)
  9426 | D:7      | Learned a level 5 spell: Fireball
  9429 | D:7      | Learned a level 2 spell: Blink
  9720 | D:7      | Reached *** piety under Qazlal
 10202 | D:7      | Found a shadowy altar of Dithmenos.
 10690 | D:7      | Reached XP level 10. HP: 73/86 MP: 6/16
 11224 | D:8      | Noticed a two-headed ogre
 11237 | D:8      | Killed a two-headed ogre
 11237 | D:8      | Reached skill level 9 in Fire Magic
 12257 | D:9      | Found Iprustes's Weapon Shoppe.
 12272 | D:9      | Found a staircase to the Orcish Mines.
 12274 | D:9      | Found Seixuylu's Armour Shoppe.
 12298 | D:9      | Reached **** piety under Qazlal
 13112 | D:9      | Found a staircase to the Lair.
 13224 | D:9      | Noticed a two-headed ogre
 13235 | D:9      | Killed a two-headed ogre
 13516 | D:10     | Entered Level 10 of the Dungeon
 13610 | D:10     | Noticed Nergalle
 13636 | D:10     | Noticed a cyclops
 13981 | D:10     | Killed a cyclops
 13981 | D:10     | Reached skill level 1 in Invocations
 13981 | D:10     | Reached XP level 11. HP: 68/92 MP: 9/17
 14028 | D:10     | Noticed an ogre mage
 14036 | D:10     | Killed an ogre mage
 14036 | D:10     | Reached skill level 10 in Fire Magic
 14136 | D:10     | Noticed an unseen horror
 14137 | D:10     | HP: 4/92 [unseen horror (7)]
 14140 | D:10     | Slain by an unseen horror

Skill      XL: |  1  2  3  4  5  6  7  8  9 10 11 |
---------------+----------------------------------+-----
Dodging        | 2 3 4 5 7 |  7.1
Stealth        | 2 |  2.1
Fire Magic     | 4 5 7 8 9 10 | 10.1
Conjurations   | 2 3 4 5 7 9 |  9.4
Fighting       | 3 5 7 |  7.0
Spellcasting   | 4 |  4.1
Invocations    | 1 2 |  2.2

Action                   |  1- 3 |  4- 6 |  7- 9 | 10-12 || total
-------------------------+-------+-------+-------+-------++-------
Melee: Dagger            |    33 |    58 |    71 |       ||   162
       Tailslap          |     7 |     9 |    10 |     5 ||    31
       Staff             |       |       |    50 |    55 ||   105
Throw: Stone             |       |     1 |       |     2 ||     3
 Cast: Flame Tongue      |    74 |   110 |   304 |   205 ||   693
       Conjure Flame     |     1 |     3 |     4 |       ||     8
       Sticky Flame      |       |     1 |    25 |    21 ||    47
       Fireball          |       |       |     1 |       ||     1
       Blink             |       |       |       |     1 ||     1
 Abil: Breathe Noxious F |       |       |     2 |     1 ||     3
  Use: Scroll            |       |     2 |     7 |     6 ||    15
  Eat: Chunk             |     4 |    11 |    20 |    11 ||    46
       Bread ration      |       |     1 |     1 |     1 ||     3
Armor: Skin              |    15 |    37 |    86 |    43 ||   181
Dodge: Dodged            |    36 |    78 |   226 |   151 ||   491
       Deflected         |       |       |       |    14 ||    14
Block: Other             |       |       |    28 |    45 ||    73
